AoeStats
← BastiRun

Arabia

509444372Analyzed
1v1 RM · 7d ago on Sep 26, 2026· 40m 10s· 2 players
Game mode
Random Map
Map size
Tiny (2 player)
Population
200
Speed
Normal
Resources
Standard
Victory
Conquest
Starting age
Dark Age
Ending age
Imperial Age
RankedLock teamsTeams togetherTeam positionsShared explorationLock speedFull tech treeHidden civsTurbo modeCheats
Victory
Defeat
🇺🇸 Britons · United States
326
+13
🇨🇱 Sicilians · Chile
271
-13
BastiRun
10:01 Feudal Age
15:39 Stone Mining
16:41 Double-Bit Axe
32:12 Castle Age
34:46 Stone Mining
36:13 Forging
36:04 Scale Mail Armor
TRAP-GAMER-ANT
13:06 Feudal Age
13:34 Double-Bit Axe
13:52 Man-at-Arms
23:07 Castle Age
21:56 Stone Mining
23:43 Long Swordsman
24:14 Crossbowman
32:04 Gold Mining
36:04 Imperial Age
36:24 Two-Handed Swordsman
37:54 Champion
Connection lost

Rejoining the realm…

Still unreachable

The connection could not be restored.

Session expired

The server has moved on; the page needs a fresh start.